 Dungeon Crawl Stone Soup version 0.18.1-48-g4cf74bf (webtiles) character file.

58 G3MoonTanning the Insei (level 3, -3/28 HPs)
             Began as a Demigod Transmuter on Aug 5, 2016.
             Slain by Terence
             ... wielding a +0 flail
              (10 damage)
             ... on level 3 of the Dungeon.
             The game lasted 00:05:15 (2686 turns).

G3MoonTanning the Insei (Demigod Transmuter)        Turns: 2686, Time: 00:05:16

Health: -3/28      AC:  2    Str: 15    XL:     3   Next: 51%
Magic:  8/8        EV: 12    Int: 17    God:
Gold:   71         SH:  5    Dex: 16    Spells: 2 memorised, 2 levels left

rFire  . . .     SeeInvis .     t - +2 spear (pierce)
rCold  . . .     Gourm    .     b - +0 robe
rNeg   . . .     Faith    .     (no shield)
rPois  .         Spirit   .     (no helmet)
rElec  .         Dismiss  .     (no cloak)
rCorr  +         Reflect  +     (no gloves)
SustAt +         Harm     .     (no boots)
MR     .....                    v - +5 amulet of reflection
Stlth  +.........               (no ring)
                                e - ring of resist corrosion

@: not resistant to hostile enchantments, very unstealthy
A: high mp 1, sustain attributes
a: no special abilities


You were on level 3 of the Dungeon.
You were not hungry.

You visited 1 branch of the dungeon, and saw 3 of its levels.

You collected 71 gold pieces.

Inventory:

Hand Weapons
 t - a +2 spear of piercing (weapon)
Missiles
 a - 12 arrows
 g - 18 poisoned needles
Armour
 b - a +0 robe (worn)
 s - a +0 chain mail
Magical Staves
 r - an uncursed staff of death
Jewellery
 e - a ring of resist corrosion (left hand)
 v - a +5 amulet of reflection (around neck)
Wands
 f - a wand of lightning (10/15)
 w - a wand of digging (20/24)
Scrolls
 i - 3 scrolls of remove curse {unknown}
 k - a scroll of noise {unknown}
 l - a scroll of teleportation {unknown}
 m - a scroll of blinking {unknown}
 o - a scroll of identify {unknown}
 x - a scroll of enchant armour {unknown}
Potions
 j - a potion of mutation {unknown}
 n - a potion of brilliance {unknown}
 p - 2 potions of curing
Books
 c - a book of Changes

   Spells                             Type                      Level
   a - Beastly Appendage              Transmutation                1
   b - Sticks to Snakes               Transmutation                2
   c - Spider Form                    Transmutation/Poison         3
   d - Ice Form                       Ice/Transmutation            4
   e - Blade Hands                    Transmutation                5
Comestibles
 d - 2 bread rations
 h - a fruit
 q - 2 meat rations
 u - a slice of pizza


   Skills:
 * Level 1.4 Fighting
 - Level 1.7 Dodging
 * Level 3.8 Unarmed Combat
 - Level 1.7 Spellcasting
 * Level 2.2 Transmutations


You had 2 spell levels left.
You knew the following spells:

 Your Spells              Type           Power        Failure   Level  Hunger
a - Beastly Appendage     Trmt           #.....       10%         1    #......
b - Sticks to Snakes      Trmt           #.......     14%         2    ###....


Dungeon Overview and Level Annotations

Branches:
Dungeon (3/15)

Annotations:
D:3 Terence


Innate Abilities, Weirdness & Mutations

You have an increased reservoir of magic (+10% MP).
Your attributes are resistant to harm.


Message History

Terence is moderately wounded.
You block Terence's attack.
The jackal barks!
You hit Terence.
Terence is heavily wounded.
Terence barely misses you.
You closely miss Terence.
Terence is heavily wounded.
You block the jackal's attack. Terence hits you with a flail.
You hit Terence.
Terence is severely wounded.
The jackal bites you. The jackal barely misses you.
Terence hits you with a flail.
* * * LOW HITPOINT WARNING * * *
You are too injured to fight recklessly!
You are too injured to fight recklessly!
You closely miss Terence.
Terence is severely wounded.
You block the jackal's attack. Terence hits you with a flail!
You die...

############ #
#..........###### #
#......###......# #
##........#......# #
#..(#####.#......# # #...#
#.#......#
###########...#####.#......#
.).......).....@@h.>.......#
##...######...#####.#......#
.......####...### #.#......#
.........)......# #.#......#
.......####...#.###.#.######
##...### #...#..##...# #...#
######.##.#.##### #####
#..#.........#
#............#


You could see Terence and a jackal.

Vanquished Creatures
  A worker ant zombie (D:3)
  An adder (D:2)
  A worm (D:2)
  A giant gecko (D:1)
  An orc (D:3)
  4 giant cockroaches
  4 goblins
  3 hobgoblins
  A jackal (D:3)
  3 kobolds
  A quokka (D:3)
  4 bats
  3 giant newts (D:2)
  5 rats
33 creatures vanquished.

Notes
Turn   | Place    | Note
--------------------------------------------------------------
     0 | D:1      | G3MoonTanning the Demigod Transmuter began the quest for the Orb.
     0 | D:1      | Reached XP level 1. HP: 15/15 MP: 5/5
   130 | D:1      | Reached skill level 3 in Unarmed Combat
   553 | D:1      | Reached XP level 2. HP: 21/22 MP: 5/7
   972 | D:2      | Reached skill level 1 in Fighting
  1212 | D:2      | Learned a level 2 spell: Sticks to Snakes
  1621 | D:2      | Found a faded altar to an unknown god.
  1699 | D:2      | Reached XP level 3. HP: 12/28 MP: 6/8
  2388 | D:3      | HP: 1/28 [orc/dagger (5)]
  2570 | D:3      | Noticed Terence
  2686 | D:3      | Slain by Terence

Skill      XL: |  1  2 |
---------------+-------+-----
Unarmed Combat | 3 |  3.8
Transmutations | 2 |  2.2
Fighting       | 1 |  1.4
Dodging        | |  1.7
Spellcasting   | |  1.7

Action                   || total
-------------------------++-------
Melee: Unarmed           ||    85
       Kick              ||    12
       Headbutt          ||     7
       Spear             ||    59
       Staff             ||    15
       Punch             ||     3
 Cast: Beastly Appendage ||    19
  Use: Potion            ||     1
  Eat: Chunk             ||     4
       Fruit             ||     2
Armor: Robe              ||    16
Dodge: Dodged            ||    77
Block: Other             ||     6
